General information
- name: Turncoat 1v1
- type: Custom game
- host: HateWeek
- saver: HateWeek
map: LostTemple
- players: 3
- length: 15:40
- speed: Fast
- version: 1.26 W3XP
- replay type: Public
» download(45 KB)
Players
team 1 (loser)

»
Warmonger- (
red | 45 APM | 698 actions | 15:38)
4 Death Knight
2 Death Coil
1 Unholy Aura
1 Death Pact
1 Lich
1 Frost Nova
» actions
| Assign group hotkey | 14 | |
| Basic commands | 20 | |
| Build / train | 37 | |
| ESC pressed | 2 | |
| Enter build submenu | 12 | |
| Enter hero's abilities submenu | 5 | |
| Give item / drop item | 3 | |
| Right click | 347 | |
| Select / deselect | 136 | |
| Select group hotkey | 84 | |
| Use ability | 38 | |
698 total
» units
| Acolyte | 8 | |
| Ghoul | 3 | |
| Crypt Fiend | 5 | |
16 total
» upgrades
| Creature Attack | 1 | |
| Burrow | 1 | |
| Web | 1 | |
3 total
» buildings
| Ziggurat | 5 | |
| Crypt | 1 | |
| Graveyard | 1 | |
| Altar of Darkness | 1 | |
| Tomb of Relics | 1 | |
| Halls of the Dead | 1 | |
| Black Citadel | 3 | |
| Spirit Tower | 1 | |
| Nerubian Tower | 1 | |
| Slaughterhouse | 1 | |
16 total
» build order
00:06 Ziggurat
00:09 Crypt
00:39 Graveyard
01:01 Altar of Darkness
01:33 Ziggurat
01:46 Tomb of Relics
04:45 Halls of the Dead
05:05 Ziggurat
06:00 Ziggurat
08:15 Black Citadel
08:49 Spirit Tower
08:50 Nerubian Tower
09:26 Slaughterhouse
10:42 Black Citadel
10:42 Black Citadel
14:08 Ziggurat
» items
| Rod of Necromancy | 2 | |
| Sacrificial Skull | 1 | |
| Scroll of Town Portal | 1 | |
| Potion of Healing | 1 | |
5 total
team 2 (winner)
Skinflint (
pink | 64 APM | 995 actions | 15:39)
4 Blood Mage
2 Flame Strike
2 Siphon Mana
» actions
| Assign group hotkey | 16 | |
| Basic commands | 8 | |
| Build / train | 68 | |
| Enter build submenu | 41 | |
| Enter hero's abilities submenu | 4 | |
| Give item / drop item | 1 | |
| Remove unit from queue | 1 | |
| Right click | 405 | |
| Select / deselect | 276 | |
| Select group hotkey | 90 | |
| Use ability | 85 | |
995 total
» units
» upgrades
| Masonry | 2 | |
| Lumber Harvesting | 1 | |
3 total
» buildings
| Altar of Kings | 1 | |
| Barracks | 1 | |
| Farm | 4 | |
| Arcane Vault | 1 | |
| Lumber Mill | 1 | |
| Keep | 1 | |
| Scout Tower | 27 | |
| Guard Tower | 10 | |
| Town Hall | 1 | |
| Blacksmith | 1 | |
48 total
» build order
00:37 Altar of Kings
00:38 Barracks
00:51 Farm
01:04 Farm
01:09 Farm
01:58 Farm
02:38 Arcane Vault
04:02 Lumber Mill
04:03 Keep
04:21 Scout Tower
04:22 Scout Tower
04:22 Scout Tower
04:28 Scout Tower
04:52 Guard Tower
05:41 Guard Tower
05:43 Scout Tower
05:43 Scout Tower
06:49 Guard Tower
06:55 Scout Tower
06:57 Scout Tower
06:57 Scout Tower
07:30 Town Hall
07:32 Scout Tower
07:32 Scout Tower
07:33 Scout Tower
07:33 Scout Tower
08:16 Guard Tower
09:40 Scout Tower
09:42 Scout Tower
10:17 Guard Tower
11:18 Scout Tower
11:18 Scout Tower
11:40 Scout Tower
11:57 Guard Tower
12:09 Guard Tower
12:25 Scout Tower
12:26 Scout Tower
12:58 Guard Tower
13:05 Blacksmith
14:27 Scout Tower
14:27 Scout Tower
14:28 Scout Tower
14:28 Scout Tower
14:28 Scout Tower
14:29 Scout Tower
14:30 Scout Tower
15:14 Guard Tower
15:16 Guard Tower
» items
| Boots of Speed | 1 | |
| Staff of Teleportation | 1 | |
| Scroll of Regeneration | 4 | |
| Potion of Invisibility | 4 | |
| Potion of Healing | 3 | |
| Scroll of Town Portal | 3 | |
| Lesser Clarity Potion | 3 | |
| Potion of Mana | 1 | |
20 total
refereesHateWeek Chat log
(00:15 / All) Warmonger-: I hope this is going to be fair
(00:27 / All) HateWeek: Why wouldn't it?
(00:28 / All) Skinflint: you got a guilty conscience?
(00:31 / All) HateWeek: I'm honest
(00:34 / All) Warmonger-: because you love to fuck around
(00:44 / All) Warmonger-: for "justice"
(00:53 / All) HateWeek: Your sentence has been paid, sir
(00:57 / All) HateWeek: There is no need for further payment to the law
(00:58 / All) Warmonger-: fuck you
(03:13 / All) Warmonger-: -_-
(03:28 / All) HateWeek: Why the lazy eyes? You should stay awake for this game
(03:34 / All) Warmonger-: oh I'm awake
(06:14 / All) Skinflint: weird lag
(10:06 / All) Skinflint: I think he';s gonna win
(10:13 / All) HateWeek: Why?
(10:20 / All) Skinflint: lag fucked me up
(10:23 / All) Skinflint: late tech too
(15:22 / All) Warmonger-: well somehow you won with a BM
(15:30 / All) Warmonger-: probably reflects more on me than you
(15:33 / All) Warmonger-: gg
(15:33 / All) Skinflint: this was way closer than usual lalw